 Dungeon Crawl Stone Soup version 0.29-a0-286-g41199d4a87 (webtiles) character file.

Game seed: 11957466169088837975

80361 Dabor the Destroyer (level 14, -3/117 HPs)
             Began as a Demigod Earth Elementalist on Mar 16, 2022.
             Killed by divine providence
             ... invoked by Saint Roka
              (18 damage)
             ... on level 2 of the Orcish Mines.
             The game lasted 01:34:06 (34949 turns).

Dabor the Destroyer (Demigod Earth Elementalist)   Turns: 34949, Time: 01:34:06

Health: -3/117     AC: 15    Str:  9    XL:     14   Next: 83%
Magic:  26/32      EV: 30    Int: 39    God:
Gold:   2168       SH:  5    Dex: 14    Spells: 2/32 levels left

rFire   . . .      SeeInvis .   W - +8 demon blade "Leech" {vamp, Harm Drain rN+}
rCold   . . .      Faith    .   y - +0 buckler
rNeg    + . .      Spirit   .   I - +0 troll leather armour
rPois   +          Reflect  .   o - +2 helmet
rElec   .          Harm     +   J - +2 cloak {Will+}
rCorr   .          Rampage  .   g - +0 pair of gloves
Will    +++..      Rage     1%  B - +0 pair of boots
Stlth   ++........              m - amulet of the acrobat
HPRegen 1.09/turn               N - ring of poison resistance
MPRegen 0.23/turn               x - +6 ring of intelligence

@: acrobatic, studying Armour
A: high MP 1, forlorn, divine attributes, berserk 1, strong-willed 1, robust 1
a: no special abilities


You were on level 2 of the Orcish Mines.
You visited 3 branches of the dungeon, and saw 23 of its levels.
You also visited: Sewer.

You collected 2272 gold pieces.
You spent 104 gold pieces at shops.

Inventory:

Hand Weapons
 s - the +7 glaive of Liorhal {vorpal, rElec Str+5 SInv}
   (You found it on level 4 of the Lair of Beasts)

   It inflicts extra damage upon your enemies.
   Str:       It affects your strength (+5).
   rElec:     It insulates you from electricity.
   SInv:      It lets you see invisible.
 W - the +8 demon blade "Leech" (weapon) {vamp, Harm Drain rN+}
   (You found it on level 2 of the Lair of Beasts)

   It heals its wielder for a portion of the damage dealt every time it strikes
   a living foe.
   rN:        It protects you from negative energy.
   Drain:     It drains your maximum health when unequipped.
   Harm:      It increases damage dealt and taken.
Missiles
 a - 149 stones
 H - 2 throwing nets
Armour
 g - a +0 pair of gloves (worn)
 o - a +2 helmet (worn)
 y - a +0 buckler (worn)
 B - a +0 pair of boots (worn)
 I - a +0 troll leather armour (worn)
 J - a +2 cloak of willpower (worn)
Magical Staves
 p - a staff of poison
 U - a staff of conjuration
Jewellery
 m - an amulet of the acrobat (around neck)
 x - a +6 ring of intelligence (right hand)
 E - a ring of protection from fire
 N - a ring of poison resistance (left hand)
 O - a ring of resist corrosion
 R - a ring of fire
 S - a ring of magical power
 V - a ring of magical power
 Y - a ring of protection from cold
Wands
 e - a wand of acid (2)
 A - a wand of polymorph (23)
 F - a wand of iceblast (17)
 G - a wand of flame (38)
 Q - a wand of mindburst (9)
Scrolls
 i - a scroll of identify
 j - 10 scrolls of teleportation
 r - 9 scrolls of enchant weapon
 t - 3 scrolls of fog
 v - 2 scrolls of amnesia
 D - 6 scrolls of brand weapon
 L - a scroll of blinking
 P - a scroll of holy word
 T - 2 scrolls of enchant armour
 Z - a scroll of magic mapping
Potions
 b - 2 potions of magic
 c - 3 potions of mutation
 d - a potion of resistance
 f - a potion of heal wounds
 h - 3 potions of haste
 k - a potion of invisibility
 l - 2 potions of brilliance
 q - 5 potions of curing
 z - 5 potions of flight
 C - 7 potions of ambrosia
 K - 3 potions of cancellation
Miscellaneous
 M - a tin of tremorstones (2/2)


   Skills:
 - Level 5.1 Fighting
 + Level 9.3 Armour
 + Level 9.1 Dodging
 - Level 2.2 Stealth
 - Level 6.3 Shields
 + Level 9.9 Spellcasting
 * Level 10.9 Conjurations
 * Level 3.4 Hexes
 - Level 2.5 Translocations
 - Level 1.2 Transmutations
 - Level 2.1 Fire Magic
 * Level 8.5 Air Magic
 + Level 9.5 Earth Magic
 + Level 6.6 Poison Magic
 - Level 2.5 Evocations


You had 2 spell levels left.
You knew the following spells:

 Your Spells              Type           Power      Damage    Failure   Level
a - Sandblast             Erth           100%       2d20      1%          1
b - Stone Arrow           Conj/Erth      100%       3d13      1%          3
c - Poisonous Vapours     Pois/Air       100%       N/A       1%          2
d - Passwall              Tmut/Erth      47%        N/A       1%          2
e - Blink                 Tloc           76%        N/A       1%          2
f - Petrify               Tmut/Erth      57%        N/A       3%          4
g - Flame Wave            Conj/Fire      63%        2d12      2%          4
h - Olgreb's Toxic Radia  Pois           63%        N/A       1%          4
i - Lightning Bolt        Conj/Air       38%        1d56      1%          5
j - Tukima's Dance        Hex            46%        N/A       2%          3

Your spell library contained the following spells:

 Spells                   Type           Power      Damage    Failure   Level
 Foxfire                  Conj/Fire      100%       2x1d9     1%          1
 Slow                     Hex            100%       N/A       1%          1
 Sting                    Tmut/Pois      100%       1d8       1%          1
 Scorch                   Fire           72%        2d9       1%          2
 Conjure Flame            Conj/Fire      63%        6-21      1%          3
 Dazzling Flash           Conj/Hex       100%       N/A       1%          3
 Airstrike                Air            36%        N/A       1%          4
 Confusing Touch          Hex            46%        N/A       2%          3
 Ignite Poison            Fire/Tmut/Pois 45%        N/A       2%          3
 Sticky Flame             Conj/Fire      63%        2d8       2%          4
 Inner Flame              Hex/Fire       41%        N/A       3%          3
 Lesser Beckoning         Tloc           38%        N/A       3%          3
 Summon Lightning Spire   Summ/Air       51%        N/A       5%          4
 Silence                  Hex/Air        30%        N/A       8%          5
 Vampiric Draining        Necr           19%        2d7       10%         3
 Passage of Golubria      Tloc           38%        N/A       12%         4
 Manifold Assault         Tloc           38%        N/A       32%         5
 Yara's Violent Unravell  Hex/Tmut       18%        3d9       32%         5
 Summon Forest            Summ/Tloc      14%        N/A       47%         5
 Agony                    Necr           19%        N/A       65%         5
 Eringya's Noxious Bog    Tmut/Pois      25%        N/A       67%         6
 Summon Cactus Giant      Summ           9%         N/A       99%         6
 Summon Hydra             Summ           9%         N/A       100%        7


Dungeon Overview and Level Annotations

Branches:
Dungeon (15/15)            Temple (0/1) D:7            Lair (6/6) D:9
  Swamp (0/4) Lair:4       Spider (0/4) Lair:3        Slime (0/5) Lair:5
    Orc (2/2) D:11         Vaults (0/5) D:14          Sewer (visited)
    Elf: Orc:2       Depths: D:15

Shops:
D:4 (   D:9 !   Orc:1 (

Annotations:
D:10 exclusion: obsidian statue
Lair:5 1 runed translucent door
Orc:2 Saint Roka


Innate Abilities, Weirdness & Mutations

You have an increased reservoir of magic. (+10% MP)
You shall have no god before yourself.
Your divine heritage dramatically boosts your attributes as you level up.
You tend to lose your temper in combat.
You are strong-willed. (Will+)
You are robust. (+10% HP)


Message History

Saint Roka roars a battlecry!
The orc warrior goes into a battle-frenzy!
The orc warrior hits you with a +0 flail.
There is a stone staircase leading up, spattered with blood here.
Casting: Olgreb's Toxic Radiance (mildly dangerous; 1% risk of failure)
Confirm with . or Enter, or press ? or * to list all spells.
You begin to radiate toxic energy.
Saint Roka is poisoned.
The orc warrior is poisoned.
The orc warrior misses you. Saint Roka barely misses you.
Casting: Olgreb's Toxic Radiance (mildly dangerous; 1% risk of failure)
Confirm with . or Enter, or press ? or * to list all spells.
Your toxic radiance grows in intensity.
The orc warrior looks even sicker.
Saint Roka looks even sicker.
The orc warrior barely misses you.
Saint Roka hits you with a +1 vorpal great mace!
Saint Roka attacks as you move away! You block Saint Roka's attack.
The orc warrior looks even sicker.
Saint Roka looks even sicker.
You kill the orc warrior!
You hit Saint Roka but do no damage.
Saint Roka is lightly wounded.
Saint Roka looks as sick as possible!
Saint Roka hits you with a +1 vorpal great mace!!
Saint Roka barely misses you.
You hit Saint Roka but do no damage.
Saint Roka is lightly wounded.
Saint Roka looks as sick as possible!
Your toxic aura wanes.
Saint Roka hits you with a +1 vorpal great mace!!
* * * LOW HITPOINT WARNING * * *
x2
Okay, then.
Blink to where?
Press: ? - help, Dir - move target
As you read the scroll of blinking, it crumbles to dust.
Saint Roka invokes the aid of Beogh against you.
Beogh smites you!
* * * LOW HITPOINT WARNING * * *
Items here: ))) [.
Saint Roka invokes the aid of Beogh against you.
Beogh smites you!
You die...

...#......................
.#.....#..#..............
##....).................
#......................
#...#.#).........#....
...#.#............#..
.....................##
..............[....[.## ...
##...........).@.......# .....
.#.......#.....[[)[.....##.....
. #.......)...[.[..............
.. #.#........)).#..........$.
[.##............#...[.....$.#
..)[.[)....)..)..).........#.
#.........)..)......##[...##
###)....[..).o........[....#
##.[....[.)<.[).[.............


You could see Saint Roka (very poisoned).

Vanquished Creatures
  Frances (D:14)
  An orc warlord (Orc:2)
  A caustic shrike skeleton (D:15)
  An ettin (Orc:2)
  A fire dragon (Lair:6)
  A boulder beetle (D:13)
  A rakshasa (D:15)
  2 catoblepae
  8 hydras
  5 vault guards (D:14)
  An anaconda (Lair:6)
  An ogre mage (D:15)
  The ghost of iamserjio the Grappler, a journeyman VSTm of Cheibriados (Lair:3)
  A centaur warrior (D:14)
  A death knight (D:13)
  4 two-headed ogres
  5 death yaks
  An orc high priest (Orc:2)
  2 deep elf knights (D:14)
  The ghost of HotDog the Protected, a novice GrFi of Nemelex Xobeh (D:10)
  A skeletal warrior (D:15)
  A fire crab (Lair:6)
  A swamp dragon (Lair:4)
  2 orc knights (Orc:2)
  2 wizards (D:14)
  6 deep elf pyromancers
  A manticore (D:11)
  An oklob plant (Lair:5)
  An orc sorcerer (D:11)
  An ugly thing (D:10)
  21 elephants
  2 cyclopes
  3 black mambas
  2 gargoyles
  9 cane toads
  3 molten gargoyles (Lair:6)
  2 torpor snails
  An efreet (D:13)
  10 komodo dragons
  3 tengu conjurers
  5 trolls
  A polar bear (Lair:1)
  A polar bear (shapeshifter) (D:13)
  A queen bee (D:9)
  17 blink frogs
  Grinder (D:4)
  A shadow (D:13)
  Sigmund (D:4)
  11 basilisks
  3 vampires
  4 wraiths
  4 wyverns
  Eustachio (D:6)
  41 yaks
  Grum (D:9)
  2 steam dragons
  3 vampire mosquitoes (D:12)
  2 redbacks (Lair:3)
  Menkaure (D:4)
  Edmund (D:5)
  4 wargs
  An acid dragon (D:11)
  11 water moccasins
  4 hell hounds (Lair:6)
  Duvessa (D:5)
  An ice beast (D:7)
  A sky beast (D:7)
  23 orc warriors
  32 wolves
  4 black bears
  13 ogres
  17 centaurs
  8 kobold brigands
  8 bullfrogs
  2 gnoll sergeants
  A necrophage (D:4)
  6 scorpions
  5 wights (D:9)
  Dowan (D:5)
  29 killer bees (D:9)
  2 electric eels (D:11)
  12 howler monkeys
  5 lava snakes (Lair:6)
  5 hounds
  15 orc priests
  4 jellies
  2 gnoll shamans
  4 iguanas
  18 orc wizards
  Robin (D:4)
  19 gnolls
  9 adders
  A river rat (D:4)
  A white imp (D:6)
  An ufetubus (D:5)
  7 dart slugs
  63 orcs
  9 ball pythons
  6 bats
  3 endoplasms
  2 giant cockroaches
  16 goblins
  9 hobgoblins
  28 kobolds
  3 quokkas
  8 frilled lizards
  9 rats
649 creatures vanquished.

Vanquished Creatures (others)
  A hound (D:4)
  An iguana (D:4)
  A dart slug (D:4)
  An orc (D:4)
  A hobgoblin (D:4)
  29 fungi
  32 plants
  3 withered plants (D:15)
69 creatures vanquished.

Grand Total: 718 creatures vanquished

Notes
Turn   | Place    | Note
-------+----------+-------------------------------------------
     0 | D:1      | Dabor the Demigod Earth Elementalist began the quest for
                  | the Orb.
     0 | D:1      | Reached XP level 1. HP: 14/14 MP: 5/5
   155 | D:1      | Reached skill level 1 in Transmutations
   448 | D:1      | Reached XP level 2. HP: 20/20 MP: 0/7
  2106 | D:2      | Reached XP level 3. HP: 27/27 MP: 6/8
  2686 | D:2      | Reached skill level 1 in Conjurations
  3013 | D:3      | Noticed an ogre
  3138 | D:3      | Learned a level 3 spell: Stone Arrow
  3140 | D:3      | Reached XP level 4. HP: 32/34 MP: 2/10
  3232 | D:3      | Reached skill level 1 in Fighting
  3270 | D:3      | Noticed an ogre
  3413 | D:3      | Killed an ogre
  3414 | D:3      | Reached XP level 5. HP: 40/40 MP: 1/12
  3786 | D:3      | Killed an ogre
  3787 | D:3      | Reached skill level 2 in Conjurations
  4077 | D:4      | Noticed a black bear
  4079 | D:4      | Noticed Robin
  4092 | D:4      | Killed a black bear
  4093 | D:4      | Reached XP level 6. HP: 43/48 MP: 0/13
  4147 | D:4      | Noticed Sigmund
  4167 | D:4      | Killed Sigmund
  4168 | D:4      | Reached skill level 3 in Conjurations
  4183 | D:4      | Found a glowing drain.
  4198 | Sewer    | Entered a sewer
  4527 | Sewer    | Reached XP level 7. HP: 55/55 MP: 2/15
  5600 | Sewer    | Learned a level 2 spell: Poisonous Vapours
  5651 | D:4      | Reached skill level 5 in Earth Magic
  5723 | D:4      | Killed Robin
  6065 | D:4      | Reached skill level 4 in Conjurations
  6065 | D:4      | Reached skill level 1 in Poison Magic
  6065 | D:4      | Reached XP level 8. HP: 62/62 MP: 10/17
  6256 | D:4      | Found Adivacoz's Weapon Boutique.
  6380 | D:4      | Noticed Grinder
  6380 | D:4      | Noticed Menkaure
  6382 | D:4      | Killed Menkaure
  6385 | D:4      | Killed Grinder
  6765 | D:5      | Entered Level 5 of the Dungeon
  6812 | D:5      | Gained mutation: You have sharp toenails. [potion of
                  | mutation]
  6812 | D:5      | Gained mutation: You are somewhat resistant to further
                  | mutation. [potion of mutation]
  6813 | D:5      | Lost mutation: You have sharp toenails. [potion of
                  | mutation]
  6813 | D:5      | Lost mutation: You are somewhat resistant to further
                  | mutation. [potion of mutation]
  6813 | D:5      | Gained mutation: You are clumsy. (Dex -2) [potion of
                  | mutation]
  6813 | D:5      | Gained mutation: You have sharp toenails. [potion of
                  | mutation]
  6813 | D:5      | Gained mutation: Your mind is acute. (Int +2) [potion of
                  | mutation]
  6814 | D:5      | Lost mutation: You have sharp toenails. [potion of
                  | mutation]
  6814 | D:5      | Lost mutation: You are clumsy. (Dex -2) [potion of
                  | mutation]
  6814 | D:5      | Lost mutation: Your mind is acute. (Int +2) [potion of
                  | mutation]
  6814 | D:5      | Gained mutation: You are strong-willed. (Will+) [potion of
                  | mutation]
  6814 | D:5      | Gained mutation: You tend to lose your temper in combat.
                  | [potion of mutation]
  6814 | D:5      | Gained mutation: You are robust. (+10% HP) [potion of
                  | mutation]
  7084 | D:5      | Noticed Duvessa
  7086 | D:5      | Noticed Edmund
  7087 | D:5      | Noticed Dowan
  7091 | D:5      | Killed Edmund
  7094 | D:5      | Killed Duvessa
  7096 | D:5      | Killed Dowan
  7152 | D:5      | Reached skill level 5 in Spellcasting
  7368 | D:5      | Reached skill level 5 in Conjurations
  8066 | D:6      | Reached XP level 9. HP: 77/77 MP: 4/20
  8291 | D:6      | Noticed Eustachio
  8299 | D:6      | Killed Eustachio
  8713 | D:6      | Reached skill level 1 in Shields
 10154 | D:7      | Reached skill level 6 in Conjurations
 10286 | D:7      | Found a staircase to the Ecumenical Temple.
 10723 | D:7      | Learned a level 2 spell: Passwall
 11381 | D:8      | Reached XP level 10. HP: 71/88 MP: 15/23
 11394 | D:8      | Reached skill level 5 in Dodging
 12456 | D:8      | Saw a vision of the Swamp and the Spider Nest.
 12456 | D:8      | Noticed a wolf spider
 12456 | D:8      | Noticed a wolf spider
 12458 | D:8      | Noticed a wolf spider
 12458 | D:8      | Noticed an alligator
 12835 | D:9      | Noticed Grum
 12841 | D:9      | Killed Grum
 12850 | D:9      | Found Avim's Distillery.
 12865 | D:9      | Bought a potion of curing for 39 gold pieces
 12865 | D:9      | Bought a potion of heal wounds for 65 gold pieces
 13010 | D:8      | Reached skill level 7 in Conjurations
 13839 | D:9      | Found a staircase to the Lair.
 14016 | D:9      | Reached skill level 5 in Fighting
 14443 | D:9      | Noticed a two-headed ogre
 14450 | D:9      | Killed a two-headed ogre
 14555 | D:10     | Entered Level 10 of the Dungeon
 14589 | D:10     | Learned a level 2 spell: Blink
 14641 | D:10     | Found a runed translucent gate.
 14641 | D:10     | Noticed HotDog's ghost (novice GrFi)
 14642 | D:10     | Found a runed translucent gate.
 14643 | D:10     | Found a runed translucent gate.
 14836 | D:10     | Noticed an obsidian statue
 14846 | D:10     | Learned a level 4 spell: Petrify
 15108 | D:10     | Noticed a white ugly thing
 15118 | D:10     | Killed a white ugly thing
 15119 | D:10     | Reached XP level 11. HP: 60/94 MP: 4/26
 15378 | D:10     | Identified the +2 leather armour "Xiciex" {Harm}
 15794 | D:10     | Killed HotDog's ghost
 15795 | D:10     | Reached skill level 1 in Armour
 15906 | D:10     | Reached skill level 1 in Translocations
 16115 | D:11     | You fall into a shaft and drop 2 floors!
 16115 | D:13     | Noticed a deep elf pyromancer
 16115 | D:13     | Noticed a boulder beetle
 16475 | D:12     | Reached skill level 8 in Conjurations
 16512 | D:12     | Noticed a two-headed ogre
 16517 | D:12     | Killed a two-headed ogre
 16872 | D:12     | Noticed a deep elf pyromancer
 16872 | D:12     | Noticed a deep elf pyromancer
 16912 | D:12     | Learned a level 4 spell: Flame Wave
 16917 | D:12     | Learned a level 4 spell: Olgreb's Toxic Radiance
 16978 | D:12     | Killed a deep elf pyromancer
 16982 | D:12     | Killed a deep elf pyromancer
 17410 | D:11     | Noticed a seven-headed hydra
 17415 | D:11     | Killed a seven-headed hydra
 17416 | D:11     | Reached skill level 1 in Fire Magic
 17421 | D:11     | Noticed a sun demon
 17695 | D:11     | Noticed a four-headed hydra
 17701 | D:11     | Killed a four-headed hydra
 17791 | D:11     | Found a staircase to the Orcish Mines.
 18162 | D:9      | Reached skill level 1 in Evocations
 18831 | D:11     | Reached XP level 12. HP: 68/103 MP: 21/28
 19098 | D:11     | Learned a level 5 spell: Lightning Bolt
 19520 | D:13     | Reached skill level 1 in Air Magic
 19535 | D:13     | Noticed a death knight
 19586 | D:13     | Killed a death knight
 20258 | D:13     | Reached skill level 5 in Shields
 20268 | D:13     | Killed a boulder beetle
 20675 | D:14     | Noticed a balrug
 20788 | D:14     | Identified the +5 dagger of Zin's Felicitations {freeze,
                  | rF- rC+++ Str+3 Dex+4}
 20843 | D:14     | Noticed a vault guard
 20843 | D:14     | Noticed a vault guard
 21021 | D:14     | Killed a vault guard
 21022 | D:14     | Reached skill level 9 in Conjurations
 21055 | D:14     | Noticed Frances
 21205 | D:14     | Killed Frances
 21654 | D:14     | Reached skill level 5 in Armour
 21705 | D:14     | Killed a vault guard
 21730 | D:14     | Noticed a vault guard
 21776 | D:14     | Killed a vault guard
 21959 | D:14     | Noticed a vault guard
 21959 | D:14     | Noticed a vault guard
 22018 | D:14     | Killed a vault guard
 22019 | D:14     | Killed a vault guard
 22252 | D:14     | Found a gate to the Vaults.
 22581 | D:15     | Entered Level 15 of the Dungeon
 22581 | D:15     | Noticed a centaur warrior
 22585 | D:15     | Noticed a two-headed ogre
 22653 | D:15     | Noticed an ogre mage
 22658 | D:14     | Killed a centaur warrior
 22669 | D:15     | Killed a two-headed ogre
 22673 | D:15     | Killed an ogre mage
 22674 | D:15     | Reached XP level 13. HP: 110/110 MP: 12/30
 23450 | Lair:1   | Entered Level 1 of the Lair of Beasts
 23571 | Lair:1   | Reached skill level 5 in Poison Magic
 23583 | Lair:1   | Reached skill level 5 in Air Magic
 24812 | Lair:2   | Found the +8 demon blade "Leech" {vamp, Harm Drain rN+}
 26142 | Lair:3   | Found a runed translucent gate.
 26142 | Lair:3   | Found a runed translucent gate.
 26144 | Lair:3   | Found a runed translucent gate.
 26144 | Lair:3   | Noticed iamserjio's ghost (journeyman VSTm)
 26170 | Lair:3   | Killed iamserjio's ghost
 27235 | Lair:3   | Found a hole to the Spider Nest.
 27852 | Lair:4   | Reached skill level 10 in Conjurations
 28027 | Lair:4   | Identified the +7 glaive of Liorhal {vorpal, rElec Str+5
                  | SInv}
 28379 | Lair:4   | Reached XP level 14. HP: 93/117 MP: 19/32
 28654 | Lair:4   | Found a staircase to the Swamp.
 29472 | Lair:5   | Found a runed translucent door.
 29475 | Lair:5   | Found a staircase to the Slime Pits.
 29475 | Lair:5   | Noticed an azure jelly
 29903 | Lair:5   | Learned a level 3 spell: Tukima's Dance
 30327 | Lair:6   | Entered Level 6 of the Lair of Beasts
 30479 | Lair:6   | Reached skill level 1 in Hexes
 32157 | Lair:6   | Found a large runed translucent door.
 32157 | Lair:6   | Found a large runed translucent door.
 32991 | Orc:1    | Entered Level 1 of the Orcish Mines
 33312 | Orc:1    | Found Vate's Antique Weapon Emporium.
 33388 | Orc:2    | Entered Level 2 of the Orcish Mines
 33614 | Orc:2    | Noticed an orc warlord
 33623 | Orc:2    | Killed an orc warlord
 34724 | Orc:2    | Noticed Saint Roka
 34949 | Orc:2    | Killed from afar by Saint Roka

Illustrated notes

Levels and vault maps discovered:
D:1:      scummos_arrival_star, layout_basic
D:2:      minmay_chambers_of_twos, layout_loops_ring,
          ebering_ecumenical_altar_hall, skrybe_limestone_x
D:3:      layout_rooms, ebering_dispersal_statue_hall
D:4:      layout_loops_ring, kiku_gazebo_pond_becter, xom_confusion_cloud,
          serial_shops, nicolae_shop_stone, portal_sewer_entry_a, uniq_sigmund,
          uniq_grinder, uniq_menkaure, uniq_robin
D:5:      layout_cave_pools, uniq_edmund, uniq_duvessa
D:6:      layout_gridville, uniq_eustachio
D:7:      lemuel_ice_spiral_2, layout_rooms, vehumet_altar_wand_db,
          minmay_temple_entry_grid
D:8:      layout_layer_cave, nicolae_hepliaklqana_hippocampus,
          grunt_dithmenos_smoke_and_mirrors, grunt_ashenzari_visionary
          [grunt_ashenzari_visionary_swamp, grunt_ashenzari_visionary_spider],
          minivault_19, minivault_19
D:9:      layout_basic, general_overflow_altar,
          mainiacjoe_overflow_small_starburst, erik_lair_island, serial_shops,
          nicolae_shop_advertising_works [nicolae_subvault_shop_adworks],
          special_room [special_room_bee], minmay_liquid_box, uniq_grum
D:10:     layout_stronghold, biasface_ghost_orc_armoury, serial_column_ruins,
          column_ruins_square_large, column_ruins_grid_1,
          column_ruins_corridor_straight, column_ruins_open_large,
          column_ruins_columns_plus, column_ruins_open_small, minivault_16
D:11:     cheibrodos_wizards_tower, layout_basic
D:12:     layout_basic, chequers_serial_rivers_micro_c
D:13:     nicolae_whirlpool, layout_cave_pools
D:14:     layout_long_grid, grunt_vaults_entry_fortified,
          chequers_serial_rivers_room_b, makhleb_altar_promises_db, uniq_frances
D:15:     gammafunk_depths_entry_grave, layout_basic, hangedman_decor_growths
Lair:1:   layout_chaotic_city, infiniplex_staircase_pool_2, grunt_megastairs_2
Lair:2:   layout_regular_city, dreamdust_deal_with_the_devil
Lair:3:   layout_cave_pods, spider_nest_entry_webs, ebering_ghost_rock_garden,
          basic_altar, lemuel_old_faithful
Lair:4:   layout_hall_layers, minmay_swamp_entry_reptiles, serial_rivers,
          chequers_serial_rivers_large_a, chequers_serial_rivers_micro_e,
          chequers_serial_rivers_room_b, chequers_serial_rivers_room_a
Lair:5:   layout_long_grid, slime_altar_2
Lair:6:   cheibrodos_lair_end_hotspot, layout_cave_pods
Orc:1:    layout_caves, serial_shops, shop
Orc:2:    grunt_orc_cross, layout_caves, basic_altar

Skill      XL: |  1  2  3  4  5  6  7  8  9 10 11 12 13 14 |
---------------+-------------------------------------------+-----
Transmutations | 1 |  1.2
Stealth        | 2 |  2.2
Dodging        | 2 3 4 5 6 7 8 9 |  9.1
Spellcasting   | 2 3 4 5 6 7 8 9 |  9.9
Earth Magic    | 3 4 5 7 8 9 |  9.5
Conjurations   | 1 2 3 4 5 6 7 8 9 10 | 10.9
Fighting       | 1 2 3 4 5 |  5.1
Poison Magic   | 1 3 4 5 6 |  6.6
Shields        | 2 3 4 5 6 |  6.3
Armour         | 3 5 8 9 |  9.3
Translocations | 2 |  2.5
Fire Magic     | 2 |  2.1
Evocations     | 1 2 |  2.5
Air Magic      | 4 7 8 |  8.5
Hexes          | 3 |  3.4

Action                   |  1- 3 |  4- 6 |  7- 9 | 10-12 | 13-15 || total
-------------------------+-------+-------+-------+-------+-------++-------
Melee: Unarmed           |    28 |       |       |       |       ||    28
       Staff             |     1 |    72 |    25 |     2 |     9 ||   109
       Punch             |       |     1 |     1 |       |       ||     2
       Dagger            |       |       |    30 |    59 |       ||    89
       Demon blade       |       |       |       |       |   215 ||   215
 Cast: Sandblast         |    75 |    29 |    55 |    79 |    56 ||   294
       Stone Arrow       |     2 |    20 |   153 |   300 |   228 ||   703
       Poisonous Vapours |       |       |     5 |    31 |   103 ||   139
       Passwall          |       |       |     1 |       |       ||     1
       Blink             |       |       |       |     2 |       ||     2
       Olgreb's Toxic Ra |       |       |       |    19 |   102 ||   121
       Lightning Bolt    |       |       |       |     6 |    21 ||    27
       Petrify           |       |       |       |       |     1 ||     1
Evoke: Wand              |       |       |       |     7 |     2 ||     9
       Tin of tremorston |       |       |       |     1 |       ||     1
  Use: Scroll            |       |     9 |     5 |     9 |    10 ||    33
       Potion            |       |     2 |     3 |     5 |     7 ||    17
Armor: Robe              |    14 |    35 |    22 |    16 |       ||    87
       Troll leather arm |       |       |       |    62 |   193 ||   255
Dodge: Dodged            |    48 |    80 |    78 |   171 |   415 ||   792
Block: Buckler           |       |       |     6 |    72 |   130 ||   208

Table legend: (Time is in decaauts)
 A = Elapsed time spent in this place.
 B = Non-inter-level travel time spent in this place.
 C = Inter-level travel time spent in this place.
 D = Time resting spent in this place.
 E = Time spent auto-exploring this place.
 F = Levels seen in this place.
 G = Mean time per level.
                   A        B        C        D        E       F      G
               +--------+--------+--------+--------+--------+-----+--------+
         Total |  35221 |  33312 |   1909 |   7684 |  19501 |  24 | 1467.5 |
       Dungeon |  22239 |  20759 |   1480 |   4999 |  11651 |  15 | 1482.6 |
          Lair |   9575 |   9184 |    391 |   1239 |   6591 |   6 | 1595.8 |
  Orcish Mines |   1980 |   1943 |     37 |    924 |    656 |   2 |  990.0 |
         Sewer |   1427 |   1427 |      0 |    522 |    602 |   1 | 1427.0 |
               +--------+--------+--------+--------+--------+-----+--------+

Top non-repeatable levels by time:
     D:8: 2629 daAuts
  Lair:6: 2438 daAuts
     D:9: 2135 daAuts
    D:14: 2055 daAuts
  Lair:3: 2014 daAuts
     D:6: 1996 daAuts
     D:2: 1697 daAuts
    D:13: 1522 daAuts
    D:10: 1519 daAuts
     D:4: 1475 daAuts
     D:1: 1459 daAuts
   Sewer: 1427 daAuts
    D:12: 1416 daAuts
  Lair:5: 1409 daAuts
   Orc:1: 1408 daAuts
